 Dungeon Crawl Stone Soup version 0.21.1-1-g345015f (webtiles) character file.

9093 Fang the Cleaver (level 11, -5/71 HPs)
             Began as a Gargoyle Berserker on May 23, 2018.
             Was a High Priest of Trog.
             Slain by a four-headed hydra (7 damage)
             ... on level 10 of the Dungeon.
             The game lasted 00:18:41 (11030 turns).

Fang the Cleaver (Gargoyle Berserker)              Turns: 11030, Time: 00:18:42

Health: -5/71      AC: 18    Str: 31    XL:     11   Next: 41%
Magic:  11/11      EV: 14    Int: 10    God:    Trog [*****.]
Gold:   532        SH:  0    Dex: 12    Spells: 10/10 levels left

rFire    . . .     SeeInvis +   z - +6 broad axe of Tender Mercy {flame, Str+7 Int+2 Dex+3}
rCold    . . .     Gourm    .   (no shield)
rNeg     + . .     Faith    +   r - +1 ring mail {rPois}
rPois    ∞         Spirit   .   (no helmet)
rElec    +         Reflect  .   s - +2 cloak {MR+}
rCorr    .         Harm     .   (no gloves)
MR       +....                  (no boots)
Stlth    +++.......             w - amulet of faith
HPRegen  0.21/turn              i - ring of stealth
MPRegen  0.12/turn              q - ring of see invisible

@: about to teleport, berserk cooldown, slowed, very slow
A: negative energy resistance 1, electricity resistance, unbreathing,
petrification resistance, rot immunity, AC +8
a: Berserk, Trog's Hand, Brothers in Arms, Burn Spellbooks, Renounce Religion


You were on level 10 of the Dungeon.
You worshipped Trog.
Trog was extremely pleased with you.
You were very hungry.

You visited 2 branches of the dungeon, and saw 12 of its levels.

You collected 532 gold pieces.

Inventory:

Hand Weapons
 z - the +6 broad axe of Tender Mercy (weapon) {flame, Str+7 Int+2 Dex+3}
   (Trog gifted it to you on level 10 of the Dungeon)

   It has been specially enchanted to burn those struck by it, causing extra
   injury to most foes and up to half again as much damage against particularly
   susceptible opponents.
   Big, fiery blades are also staple armaments of hydra-hunters.
   It affects your strength (+7).
   It affects your intelligence (+2).
   It affects your dexterity (+3).
Armour
 r - a +1 ring mail of poison resistance (worn)
 s - a +2 cloak of magic resistance (worn)
Jewellery
 i - a ring of stealth (left hand)
 l - an uncursed ring of protection from cold
 q - a ring of see invisible (right hand)
 w - an amulet of faith (around neck)
Wands
 j - a wand of iceblast (11)
 n - a wand of random effects (26)
 t - a wand of acid (12)
Scrolls
 d - a scroll of teleportation
 f - a scroll of fear
Potions
 b - a potion of might
 e - a potion of ambrosia
 h - 8 potions of curing
 k - 2 potions of agility
 m - 2 potions of haste
 o - a potion of heal wounds
 p - 2 potions of lignification
 u - 2 potions of flight
 v - a potion of mutation
Comestibles
 c - 13 rations


   Skills:
 + Level 9.2 Fighting
 + Level 11.2 Axes
 + Level 6.8 Armour
 + Level 6.1 Dodging
 + Level 5.0 Stealth


You had 10 spell levels left.
You didn't know any spells.

Dungeon Overview and Level Annotations

Branches:
Dungeon (11/15)            Temple (1/1) D:7
   Lair: D:8-11         Orc: D:9-12

Altars:
Ashenzari
Cheibriados
Dithmenos
Elyvilon
Fedhas
Gozag
Hepliaklqana
Kikubaaqudgha
Makhleb
Nemelex Xobeh
Okawaru
Qazlal
Ru
Sif Muna
Trog
Uskayaw
Vehumet
Wu Jian
Xom
Yredelemnul
Zin
The Shining One

Shops:
D:5 }   D:9 *


Innate Abilities, Weirdness & Mutations

You are resistant to torment.
Your stone body is resilient. (AC +8)
You are immune to poison.
You resist negative energy. (rN+)
You are resistant to electric shocks. (rElec)
You can survive without breathing.
You are immune to petrification.
You are immune to rotting.


Message History

The four-headed hydra bites you!
The four-headed hydra bites you but does no damage.
The four-headed hydra bites you!
* * * LOW HITPOINT WARNING * * *
The four-headed hydra bites you but does no damage.
The four-headed hydra closely misses you.
The four-headed hydra bites you but does no damage.
The four-headed hydra closely misses you.
As you read the scroll of teleportation, it crumbles to dust.
You feel strangely unstable. The wyvern closely misses you.
The four-headed hydra bites you but does no damage.
The four-headed hydra misses you.
The four-headed hydra bites you but does no damage.
The four-headed hydra barely misses you.
The wyvern completely misses you. The four-headed hydra bites you.
* * * LOW HITPOINT WARNING * * *
The four-headed hydra bites you!
* * * LOW HITPOINT WARNING * * *
The four-headed hydra bites you!
You die...

................#....# #........
.....................# #........
.....................####........
..............................#..
#...............##...............
...............###...............
.................................
...............l.................
...............D@...........()...
..............>D.................
...........................(...(.
.................................
............[....................
.........................)(!.....
.................................
.................................
.................................


You could see 2 four-headed hydras and a wyvern.

Vanquished Creatures
  A two-headed ogre (D:11)
  The ghost of Fang the Cleaver, a novice GrBe of Trog (D:8)
  Pikel (D:7)
  2 centaur zombies
  5 trolls
  2 hornets
  A wraith (D:10)
  3 yaks (D:10)
  2 wyverns
  The ghost of bnns the Ruffian, an amateur VSMo (D:4)
  A sky beast (D:5)
  A slave (D:7)
  3 orc warriors
  An ice beast (D:9)
  3 phantoms
  6 ogres
  6 centaurs
  Blork the orc (D:5)
  4 bullfrogs
  2 scorpions
  A wyvern skeleton (D:10)
  4 killer bees (D:7)
  9 wights
  A howler monkey (D:4)
  3 crimson imps
  2 bullfrog zombies
  2 quasits
  5 orc priests
  Crazy Yiuf (D:3)
  A jelly (D:9)
  5 hounds
  3 centaur skeletons
  4 iguanas
  Ijyb (D:3)
  Terence (D:3)
  6 orc wizards
  4 worker ants
  A killer bee zombie (D:7)
  2 hound skeletons
  11 gnolls
  5 adders
  2 shadow imps
  An adder skeleton (D:4)
  An adder zombie (D:8)
  A worm (D:3)
  A dart slug (D:5)
  6 leopard geckos
  26 orcs
  3 ball pythons
  4 bats
  10 giant cockroaches
  8 goblins
  10 hobgoblins
  20 jackals
  6 quokkas
  5 frilled lizards
  7 kobolds
  A leopard gecko skeleton (D:5)
  A quokka skeleton (D:8)
  6 rats
238 creatures vanquished.

Vanquished Creatures (others)
  A jackal (D:5)
1 creature vanquished.

Grand Total: 239 creatures vanquished

Notes
Turn   | Place    | Note
-------+----------+-------------------------------------------
     0 | D:1      | Fang the Gargoyle Berserker began the quest for the Orb.
     0 | D:1      | Reached XP level 1. HP: 14/14 MP: 1/1
    74 | D:1      | Reached XP level 2. HP: 9/19 MP: 2/2
   307 | D:1      | Reached skill level 3 in Axes
   375 | D:1      | You fall through a shaft!
   541 | D:2      | Reached XP level 3. HP: 24/24 MP: 3/3
   549 | D:2      | Reached ** piety under Trog
  1244 | D:1      | Reached XP level 4. HP: 15/29 MP: 4/4
  1884 | D:3      | Noticed Ijyb
  1904 | D:3      | Killed Ijyb
  2007 | D:3      | Found a runed door.
  2058 | D:3      | Noticed Terence
  2076 | D:3      | Killed Terence
  2076 | D:3      | Reached XP level 5. HP: 22/33 MP: 5/5
  2277 | D:3      | Found a sparkling altar of Nemelex Xobeh.
  2434 | D:3      | Noticed Crazy Yiuf
  2438 | D:3      | Killed Crazy Yiuf
  2438 | D:3      | Reached skill level 4 in Axes
  2572 | D:4      | Noticed an ogre
  2578 | D:4      | Killed an ogre
  2578 | D:4      | Reached skill level 1 in Stealth
  2578 | D:4      | Reached XP level 6. HP: 39/39 MP: 6/6
  2715 | D:4      | Reached *** piety under Trog
  2855 | D:4      | Reached skill level 5 in Axes
  2954 | D:4      | Reached XP level 7. HP: 26/44 MP: 7/7
  3176 | D:4      | Noticed bnns's ghost (amateur VSMo)
  3187 | D:4      | Killed bnns's ghost
  3187 | D:4      | Reached skill level 5 in Fighting
  3843 | D:5      | Entered Level 5 of the Dungeon
  3863 | D:5      | Found Qoaceyluhe's Gadget Shop.
  3885 | D:5      | Reached skill level 6 in Axes
  3885 | D:5      | Reached XP level 8. HP: 41/49 MP: 8/8
  4006 | D:5      | Noticed Blork the orc
  4019 | D:5      | Killed Blork the orc
  4878 | D:5      | Reached skill level 7 in Axes
  5501 | D:6      | Reached XP level 9. HP: 54/55 MP: 9/9
  5745 | D:6      | Reached **** piety under Trog
  6236 | D:7      | Found a burning altar of Makhleb.
  6281 | D:7      | Reached skill level 8 in Axes
  6488 | D:7      | Found a staircase to the Ecumenical Temple.
  6512 | D:7      | Noticed Pikel
  6513 | Temple   | Entered the Ecumenical Temple
  6825 | D:7      | Killed Pikel
  7003 | D:7      | Reached skill level 5 in Dodging
  7003 | D:7      | Reached skill level 9 in Axes
  7509 | D:8      | Noticed Fang's ghost (novice GrBe)
  7544 | D:8      | Killed Fang's ghost
  7544 | D:8      | Reached XP level 10. HP: 48/63 MP: 10/10
  7731 | D:8      | Reached ***** piety under Trog
  7783 | D:8      | Found a blossoming altar of Fedhas.
  7814 | D:8      | Reached skill level 5 in Armour
  8401 | D:9      | Found Juxerodue's Assorted Antiques.
  9202 | D:9      | Reached skill level 10 in Axes
 10001 | D:10     | Entered Level 10 of the Dungeon
 10016 | D:10     | Received a gift from Trog
 10019 | D:10     | Got a jewelled broad axe {god gift}
 10020 | D:10     | Identified the +6 broad axe of Tender Mercy {flame, Str+7 Int+2 Dex+3} (Trog gifted it to you on level 10 of the Dungeon)
 10055 | D:10     | Reached skill level 5 in Stealth
 10055 | D:10     | Reached XP level 11. HP: 60/69 MP: 11/11
 10784 | D:10     | Reached skill level 11 in Axes
 11009 | D:11     | Noticed a two-headed ogre
 11012 | D:11     | Noticed a five-headed hydra
 11017 | D:11     | Killed a two-headed ogre
 11018 | D:11     | Noticed a four-headed hydra
 11030 | D:10     | HP: 2/71 [four-headed hydra (8)]
 11030 | D:10     | Slain by a four-headed hydra

Skill      XL: |  1  2  3  4  5  6  7  8  9 10 11 |
---------------+----------------------------------+-----
Axes           | 3 4 5 6 7 9 10 11 | 11.2
Dodging        | 2 3 4 5 6 |  6.1
Fighting       | 4 5 6 7 8 9 |  9.2
Stealth        | 1 2 3 4 5 |  5.0
Armour         | 3 4 6 |  6.8

Action                   |  1- 3 |  4- 6 |  7- 9 | 10-12 || total
-------------------------+-------+-------+-------+-------++-------
Melee: Hand axe          |   116 |   158 |   508 |   214 ||   996
       Broad axe         |       |       |       |    82 ||    82
Invok: Berserk           |     1 |     6 |     8 |    10 ||    25
       Burn Spellbooks   |       |       |       |     2 ||     2
  Use: Scroll            |       |     8 |     7 |     9 ||    24
       Potion            |       |       |       |     2 ||     2
 Stab: Sleeping          |     1 |     5 |    12 |     3 ||    21
       Distracted        |       |       |     1 |       ||     1
  Eat: Chunk             |     2 |     8 |    15 |    14 ||    39
       Ration            |       |     1 |     2 |     2 ||     5
Armor: Animal skin       |    35 |    60 |    88 |       ||   183
       Ring mail         |       |       |   136 |   159 ||   295
Dodge: Dodged            |    81 |   120 |   317 |   262 ||   780
